 Dungeon Crawl Stone Soup version 0.31-a0-237-g2d982f9f85 (webtiles) character file.

Game seed: 7615062711462154964

102 qw the Shooter (level 4, -1/26 HPs)
             Began as a Gargoyle Hexslinger on July 10, 2023.
             Slain by a river rat (4 damage)
             ... on level 3 of the Dungeon.
             The game lasted 00:00:59 (1871 turns).

qw the Shooter (Gargoyle Hexslinger)                Turns: 1871, Time: 00:01:00

Health: -1/26      AC:  8    Str: 12    XL:     4   Next: 77%
Magic:  5/5        EV: 10    Int: 13    God:
Gold:   88         SH:  0    Dex: 14    Spells: 4/5 levels left

rFire   . . .        Y - +1 sling
rCold   + . .        (no shield)
rNeg    + . .        e - +0 ring mail
rPois   inf          (no helmet)
rElec   +            (no cloak)
rCorr   .            (no gloves)
SInv    .            (no boots)
Will    .....        (no amulet)
Stlth   +            h - ring of protection from cold
HPRegen 0.24/turn    (no ring)
MPRegen 0.09/turn

%: no passive effects
@: no status effects
A: sickness immunity, AC +3, negative energy resistance 1, electricity
resistance, torment resistance 1, petrification resistance
a: no special abilities


You were on level 3 of the Dungeon.
You visited 1 branch of the dungeon, and saw 3 of its levels.

You collected 88 gold pieces.


Innate Abilities, Weirdness & Mutations

You are immune to sickness and miasma.
Your stone body is resilient. (AC +3)
You are immune to poison.
You resist negative energy. (rN+)
You are resistant to electric shocks. (rElec)
You are resistant to unholy torment.
You are immune to petrification.


   Skills:
 - Level 2.0 Fighting
 + Level 4.2 Ranged Weapons
 - Level 1.2 Armour
 - Level 1.5 Dodging
 - Level 1.0 Spellcasting
 - Level 2.6 Hexes


You had 4 spell levels left.
You knew the following spells:

 Your Spells              Type           Power      Damage    Failure   Level
a - Slow                  Hex            28%        N/A       22%         1

Your spell library contained the following spells:

 Spells                   Type           Power      Damage    Failure   Level
 Inner Flame              Hex/Fire       4%         N/A       73%         3
 Portal Projectile        Hex/Tloc       8%         N/A       73%         3
 Cause Fear               Hex            3%         N/A       91%         4

Inventory:

Hand Weapons
 Y - a +1 sling (weapon)
Armour
 e - a +0 ring mail (worn)
Jewellery
 h - a ring of protection from cold (left hand)
Scrolls
 a - a scroll of summoning {unknown}
Potions
 b - 3 potions of cancellation {unknown}
 f - a potion of invisibility {unknown}
 i - a potion of degeneration {unknown}

Dungeon Overview and Level Annotations

Branches:
Dungeon (3/15)

Altars:


Message History

The river rat is lightly wounded.
The river rat bites you!
You shoot a sling bullet.
The sling bullet barely misses the river rat.
The river rat bites you. x2
You shoot a sling bullet. The sling bullet hits the river rat.
The river rat is lightly wounded.
The river rat completely misses you.
You shoot a sling bullet. The sling bullet hits the river rat.
The river rat is severely wounded.
The river rat bites you.
You shoot a sling bullet.
The sling bullet barely misses the river rat.
The river rat bites you.
The river rat twitches its whiskers.
The river rat bites you.
You shoot a sling bullet.
The sling bullet hits the river rat but does no damage.
The river rat is heavily wounded.
The river rat bites you.
You shoot a sling bullet.
The sling bullet barely misses the river rat.
The river rat bites you but does no damage.
You shoot a sling bullet. The sling bullet hits the river rat.
The river rat is almost dead.
The river rat bites you but does no damage. x2
You shoot a sling bullet.
The sling bullet hits the river rat but does no damage.
The river rat is almost dead.
The river rat bites you but does no damage.
You shoot a sling bullet.
The sling bullet hits the river rat but does no damage.
The river rat is almost dead.
The river rat closely misses you.
You shoot a sling bullet.
The sling bullet barely misses the river rat.
The river rat bites you but does no damage.
The river rat twitches its whiskers.
The river rat bites you.
You die...

.....##..#.####....##...)....
..... .........#.############
.... ###.#.###.#.# ....
###+#.#...#.# ... #....
#.###.# #.....#<....#
#.....#.###.+ #.....).....+
#....##@##..+ #....Br.# ##
......#.# ......... ..... #.#
~...# #.. ~~.. #.# ~~. #.#


You could see a river rat and a giant cockroach.

Vanquished Creatures
  4 adders
  A dart slug (D:1)
  6 endoplasms
  2 giant cockroaches
  2 goblins
  9 hobgoblins
  4 jackals (D:1)
  3 kobolds
  5 quokkas
  5 ball pythons
  9 bats
  3 frilled lizards
  4 rats
57 creatures vanquished.

Notes
Turn   | Place    | Note
-------+----------+-------------------------------------------
     0 | D:1      | qw the Gargoyle Hexslinger began the quest for the Orb.
     0 | D:1      | Reached XP level 1. HP: 12/12 MP: 2/2
     0 | D:1      | 0 ||| qw: Version: 0.3-a-52-g30416fa
     0 | D:1      | 0 ||| qw: Game counter: 5090
     0 | D:1      | 0 ||| qw: Melee chars always use a shield: true
     0 | D:1      | 0 ||| qw: God list: Okawaru
     0 | D:1      | 0 ||| qw: Allow faded altars: false
     0 | D:1      | 0 ||| qw: Do Orc after clearing Dungeon:15 true
     0 | D:1      | 0 ||| qw: Do second Lair branch before Depths: true
     0 | D:1      | 0 ||| qw: Lair rune preference: random
     0 | D:1      | 0 ||| qw: Goals: Normal
     0 | D:1      | 0 ||| PLANNING D:1-11
    68 | D:1      | Reached XP level 2. HP: 16/16 MP: 3/3
    94 | D:1      | Reached skill level 3 in Ranged Weapons
   328 | D:1      | Reached XP level 3. HP: 21/21 MP: 4/4
   783 | D:1      | 783 ||| UPGRADING to +0 ring mail.
   793 | D:1      | 793 ||| DROPPING +0 robe.
   794 | D:1      | 794 ||| UPGRADING to ring of protection from cold.
   795 | D:1      | 795 ||| READING scroll labelled ZOZXUSTOGA.
   799 | D:1      | 799 ||| READING scroll labelled LOBAINOENN.
   800 | D:1      | 800 ||| DROPPING scroll of poison.
   966 | D:2      | Reached XP level 4. HP: 22/26 MP: 5/5
  1093 | D:2      | Reached skill level 4 in Ranged Weapons
  1322 | D:2      | 1322 ||| READING scroll labelled IREONE GUSUR.
  1323 | D:2      | 1323 ||| READING scroll labelled KANNIE COAZYM.
  1361 | D:2      | 1361 ||| STAIRDANCE
  1365 | D:2      | 1365 ||| STAIRDANCE
  1369 | D:2      | 1369 ||| STAIRDANCE
  1373 | D:2      | 1373 ||| STAIRDANCE
  1377 | D:2      | 1377 ||| STAIRDANCE
  1381 | D:2      | 1381 ||| STAIRDANCE
  1385 | D:2      | 1385 ||| STAIRDANCE
  1389 | D:2      | 1389 ||| STAIRDANCE
  1393 | D:2      | 1393 ||| STAIRDANCE
  1397 | D:2      | 1397 ||| STAIRDANCE
  1401 | D:2      | 1401 ||| STAIRDANCE
  1405 | D:2      | 1405 ||| STAIRDANCE
  1409 | D:2      | 1409 ||| STAIRDANCE
  1413 | D:2      | 1413 ||| STAIRDANCE
  1417 | D:2      | 1417 ||| STAIRDANCE
  1421 | D:2      | 1421 ||| STAIRDANCE
  1425 | D:2      | 1425 ||| STAIRDANCE
  1429 | D:2      | 1429 ||| STAIRDANCE
  1433 | D:2      | 1433 ||| STAIRDANCE
  1437 | D:2      | 1437 ||| STAIRDANCE
  1567 | D:3      | 1567 ||| PLANNING SEWER
  1633 | D:3      | Found a faded altar of an unknown god.
  1664 | D:3      | Reached skill level 1 in Armour
  1865 | D:3      | HP: 6/26 [river rat (3)]
  1866 | D:3      | HP: 2/26 [river rat (5)]
  1871 | D:3      | Slain by a river rat

Levels and vault maps discovered:
D:1:      mrwooster_arrival_statue_3, layout_loops_cross, minmay_pentomino_w4
D:2:      layout_basic, serial_bayou_lake_a
D:3:      layout_basic, lemuel_zombie_altar_yredelemnul,
          kennysheep_vampire_church, shapermc_ecumenical_altar_rom_forum,
          portal_sewer_entry_a, uniq_terence

Skill      XL: |  1  2  3  4 |
---------------+-------------+-----
Ranged Weapons | 3 4 |  4.2
Fighting       | 2 |  2.0
Armour         | 1 |  1.2
Dodging        | |  1.5
Spellcasting   | |  1.0
Hexes          | |  2.6

Action                     |  1- 3 |  4- 6 || total
---------------------------+-------+-------++-------
   Fire: Sling             |   128 |    91 ||   219
    Use: Scroll            |     2 |     2 ||     4
 Armour: Robe              |    54 |       ||    54
         Ring mail         |     9 |    30 ||    39
  Dodge: Dodged            |    88 |    35 ||   123

Table legend:
 A = Non-vault XP
 B = Vault XP
 C = Vault XP percentage of total XP
 D = Non-vault monster count
 E = Vault monster count
 F = Vault count percentage of total count
                 A         B        C        D         E       F
            +---------+---------+-------+---------+---------+-------
      Total |     137 |       9 |   6.2 |      51 |       6 |  10.5
            +---------+---------+-------+---------+---------+-------
        D:1 |      40 |       9 |  18.4 |      19 |       6 |  24.0
        D:2 |      52 |       0 |   0.0 |      17 |       0 |   0.0
        D:3 |      45 |       0 |   0.0 |      15 |       0 |   0.0
            +---------+---------+-------+---------+---------+-------
